AoeStats
← metaL1c-_-

Arabia

509965813Analyzed
1v1 RM · 5d ago on Sep 28, 2026· 69m 2s· 2 players
Game mode
Random Map
Map size
Tiny (2 player)
Population
200
Speed
Normal
Resources
Standard
Victory
Conquest
Starting age
Dark Age
Ending age
Imperial Age
RankedLock teamsTeams togetherTeam positionsShared explorationLock speedFull tech treeHidden civsTurbo modeCheats
Victory
Defeat
🇰🇿 Vietnamese · Kazakhstan
722
+13
🇨🇱 Bengalis · Chile
666
-13
shentayto
8:01 Loom
11:34 Feudal Age
13:07 Double-Bit Axe
19:31 Castle Age
17:46 Gold Mining
21:11 Horse Collar
23:12 Fletching
26:13 Padded Archer Armor
28:00 Ballistics
30:10 Wheelbarrow
30:51 Leather Archer Armor
32:21 Bodkin Arrow
43:38 Imperial Age
49:34 Chemistry
63:51 Forging
63:42 Scale Mail Armor
66:10 Conscription
66:41 Pikeman
metaL1c-_-
9:54 Feudal Age
10:22 Horse Collar
10:28 Double-Bit Axe
13:27 Scale Barding Armor
19:00 Loom
21:18 Castle Age
20:54 Bloodlines
20:36 Fletching
22:23 Thumb Ring
22:55 Bow Saw
22:48 Heavy Plow
22:39 Gold Mining
23:27 Husbandry
23:28 Stone Mining
25:01 Wheelbarrow
23:59 Light Cavalry
25:39 Bodkin Arrow
26:33 Town Watch
27:14 Padded Archer Armor
27:59 Hand Cart
28:16 Leather Archer Armor
28:11 Loom
29:00 Ballistics
33:13 Squires
33:40 Pikeman
41:57 Imperial Age
39:30 Town Patrol
40:51 Chain Barding Armor
40:43 Forging
40:33 Scale Mail Armor
48:55 Paper Money
49:27 Elite Battle Elephant
50:11 Bracer
50:51 Plate Barding Armor
52:33 Two-Man Saw
52:08 Crop Rotation
51:48 Chatras
52:41 Iron Casting
52:23 Chain Mail Armor
52:43 Ring Archer Armor
60:09 Chemistry
Connection lost

Rejoining the realm…

Still unreachable

The connection could not be restored.

Session expired

The server has moved on; the page needs a fresh start.